 Dungeon Crawl Stone Soup version 0.22-a0-812-g4c1e2d5471 (webtiles) character file.

1336 Htamos the Conjurer (level 8, -5/49 HPs)
             Began as a Tengu Conjurer on July 23, 2018.
             Slain by a centaur (7 damage)
             ... on level 6 of the Dungeon.
             The game lasted 00:09:30 (7367 turns).

Htamos the Conjurer (Tengu Conjurer)                Turns: 7367, Time: 00:09:31

Health: -5/49      AC:  2    Str:  9    XL:     8   Next: 61%
Magic:  11/14      EV: 14    Int: 18    God:
Gold:   297        SH:  0    Dex: 14    Spells: 13/14 levels left

rFire    . . .     SeeInvis .   n - +2 dagger (drain)
rCold    . . .     Gourm    .   (no shield)
rNeg     . . .     Faith    .   a - +0 robe
rPois    .         Spirit   .   (helmet restricted)
rElec    .         Reflect  .   (no cloak)
rCorr    .         Harm     .   (no gloves)
MR       .....                  (boots unavailable)
Stlth    +++.......             (no amulet)
HPRegen  0.16/turn              (no ring)
MPRegen  0.14/turn              (no ring)

@: no status effects
A: beak, talons 3, able to fly 1
a: Fly


You were on level 6 of the Dungeon.
You were not hungry.

You visited 1 branch of the dungeon, and saw 6 of its levels.

You collected 297 gold pieces.

Inventory:

Hand Weapons
 h - a +2 dagger of venom
 n - a +2 dagger of draining (weapon)
Armour
 a - a +0 robe (worn)
 t - a +0 scale mail
Wands
 g - a wand of polymorph (14)
 k - a wand of flame (16)
 q - a wand of clouds (5)
Scrolls
 d - a scroll of enchant armour {unknown}
 e - a scroll of amnesia
 i - 3 scrolls of remove curse
 p - a scroll of teleportation
Potions
 b - a potion of cancellation {unknown}
 f - 2 potions of brilliance
 j - a potion of flight
 l - a potion of might {unknown}
 m - a potion of curing
 o - 2 potions of resistance
 r - a potion of agility
Comestibles
 c - 8 rations
 s - 5 chunks of flesh


   Skills:
 * Level 5.3 Fighting
 + Level 3.8 Short Blades
 + Level 4.7 Dodging
 + Level 4.6 Stealth
 + Level 3.9 Spellcasting
 + Level 7.2 Conjurations


You had 13 spell levels left.
You knew the following spells:

 Your Spells              Type           Power        Failure   Level  Hunger
a - Magic Dart            Conj           ####         1%          1    None

Your spell library contained the following spells:

 Spells                   Type           Power        Failure   Level  Hunger
 Iskenderun's Mystic Bla  Conj           ####....     8%          4    ####...
 Fulminant Prism          Conj/Hex       ###.......   32%         4    ####...
 Dazzling Spray           Conj/Hex       ###...       10%         3    ###....
 Force Lance              Conj/Tloc      ###.....     32%         4    ####...
 Searing Ray              Conj           ####..       1%          2    ##.....


Dungeon Overview and Level Annotations

Branches:
Dungeon (6/15)
 Temple: D:4-7

Altars:
Elyvilon
Nemelex Xobeh
Okawaru
Ru
Zin


Innate Abilities, Weirdness & Mutations

You have a beak for a mouth.
You have claws for feet.
You can fly.


Message History

The arrow barely misses you.
The centaur shoots an arrow.
The arrow hits you.
You see here an arrow.
The centaur shoots an arrow.
The arrow barely misses you.
The centaur shoots an arrow.
The arrow hits you.
The centaur shoots an arrow.
The arrow hits you!
Some of the chunks of flesh in your inventory have rotted away.
The centaur shoots an arrow.
The arrow hits you!
* * * LOW HITPOINT WARNING * * *
You see here an arrow.
The centaur shoots an arrow.
The arrow hits you!
* * * LOW HITPOINT WARNING * * *
You see here an arrow.
You feel better.
The centaur shoots an arrow.
The arrow hits you!
* * * LOW HITPOINT WARNING * * *
You see here an arrow.
The centaur unwields an uncursed shortbow.
The centaur hits you!
You die...

#.......# #.......#
#.......# .. #.......#
..#### #....)..#
.#.....## #####...<...#
........###...........#
.........##.###(......#
............ #@......#
#>.......# ##c#######
##....c)# ##..#
.#.......####..##
.........(.#..##
.........#(..##
...!.....#..##
.......#....#
....#####(..#


You could see a centaur.

Vanquished Creatures
  Sigmund (D:6)
  3 ogres
  A bullfrog (D:6)
  5 wights
  A howler monkey (D:4)
  A bullfrog zombie (D:5)
  A crimson imp (D:5)
  A hound (D:5)
  3 orc wizards
  An orc priest (D:3)
  4 worker ants
  2 iguanas
  A hound skeleton (D:5)
  13 adders
  A shadow imp (D:5)
  An adder skeleton (D:5)
  3 worms
  2 dart slugs
  2 leopard geckos (D:3)
  20 orcs
  2 ball pythons
  4 bats
  6 giant cockroaches
  8 goblins
  4 hobgoblins
  4 jackals (D:6)
  A ball python zombie (D:5)
  A frilled lizard (D:3)
  3 kobolds
  4 rats
104 creatures vanquished.

Notes
Turn   | Place    | Note
-------+----------+-------------------------------------------
     0 | D:1      | Htamos the Tengu Conjurer began the quest for the Orb.
     0 | D:1      | Reached XP level 1. HP: 10/10 MP: 4/4
   327 | D:1      | Reached XP level 2. HP: 16/16 MP: 3/6
   385 | D:1      | Found a sparkling altar of Nemelex Xobeh.
   440 | D:1      | Reached skill level 1 in Fighting
   975 | D:2      | Reached XP level 3. HP: 8/20 MP: 4/7
  1604 | D:2      | Reached XP level 4. HP: 26/26 MP: 3/8
  1849 | D:2      | Found a glowing silver altar of Zin.
  2028 | D:2      | Reached skill level 1 in Short Blades
  2510 | D:3      | Gained mutation: You can fly. [Tengu growth]
  2510 | D:3      | Reached XP level 5. HP: 16/31 MP: 7/9
  3487 | D:4      | Reached skill level 6 in Conjurations
  3487 | D:4      | Reached XP level 6. HP: 37/37 MP: 4/11
  3933 | D:4      | Reached XP level 7. HP: 30/41 MP: 2/12
  4296 | D:4      | Found a white marble altar of Elyvilon.
  4844 | D:4      | Found an iron altar of Okawaru.
  5067 | D:5      | Entered Level 5 of the Dungeon
  5405 | D:5      | Found a sparkling altar of Nemelex Xobeh.
  6471 | D:5      | Reached XP level 8. HP: 48/48 MP: 6/14
  6607 | D:5      | Found a sacrificial altar of Ru.
  6944 | D:5      | Reached skill level 7 in Conjurations
  7096 | D:5      | Reached skill level 5 in Fighting
  7152 | D:6      | Noticed Sigmund
  7160 | D:6      | Killed Sigmund
  7366 | D:6      | HP: 2/49 [centaur/arrow (10)]
  7367 | D:6      | Slain by a centaur

Vault maps used:
D:1:      saegor_arrival_under_anarchy, nemelex_xobeh_ov_fountains_minmay
D:2:      zin_scriptorium, serial_forest, infiniplex_forest_clump_curved,
          infiniplex_forest_straight_4, infiniplex_forest_lined_1,
          infiniplex_forest_straight_2
D:3:      first_ration, st_stairs_1, serial_bayou_pond_e
D:4:      kennysheep_mini_moat, nicolae_overflow_hidden_temple
D:5:      overflow_temple_1_default, overflow_temple_1_default,
          minmay_misc_feat_secret_circle
D:6:      minmay_temple_entry_statues_pillars, uniq_sigmund

Skill      XL: |  1  2  3  4  5  6  7  8 |
---------------+-------------------------+-----
Fighting       | 1 2 3 4 5 |  5.3
Short Blades   | 1 2 3 |  3.8
Dodging        | 3 4 |  4.7
Stealth        | 3 4 |  4.6
Conjurations   | 6 7 |  7.2
Spellcasting   | 3 |  3.9

Action                   |  1- 3 |  4- 6 |  7- 9 || total
-------------------------+-------+-------+-------++-------
Melee: Dagger            |    25 |    24 |   104 ||   153
       Kick              |    11 |     7 |    27 ||    45
       Unarmed           |     4 |       |       ||     4
       Peck              |     1 |     2 |    14 ||    17
 Cast: Magic Dart        |    50 |   112 |   137 ||   299
 Abil: Fly               |       |     1 |     2 ||     3
Evoke: Wand              |       |       |     1 ||     1
  Use: Scroll            |       |       |     9 ||     9
       Potion            |       |       |     4 ||     4
 Stab: Sleeping          |     1 |       |     1 ||     2
       Distracted        |     1 |       |       ||     1
  Eat: Chunk             |     3 |     8 |     4 ||    15
       Ration            |       |       |     2 ||     2
Armor: Robe              |     4 |     1 |     9 ||    14
Dodge: Dodged            |    26 |    28 |    87 ||   141

Table legend:
 A = Spawn XP
 B = Non-spawn XP
 C = Spawn XP percentage of total XP
 D = Spawn monster count
 E = Non-spawn monster count
 F = Spawn count percentage of total count
 G = Total turns spent on level
                    A         B        C        D         E        F      G
               +---------+---------+-------+---------+---------+-------+---------
         Total |       0 |    1909 |   0.0 |       0 |     104 |   0.0 |  7367
               +---------+---------+-------+---------+---------+-------+---------
           D:1 |       0 |      22 |   0.0 |       0 |      11 |   0.0 |   820
           D:2 |       0 |      87 |   0.0 |       0 |      19 |   0.0 |  1403
           D:3 |       0 |     159 |   0.0 |       0 |      24 |   0.0 |  1169
           D:4 |       0 |     563 |   0.0 |       0 |      19 |   0.0 |  1946
           D:5 |       0 |     660 |   0.0 |       0 |      22 |   0.0 |  1775
           D:6 |       0 |     418 |   0.0 |       0 |       9 |   0.0 |   254
               +---------+---------+-------+---------+---------+-------+---------
